 Dungeon Crawl Stone Soup version 0.30-a0-723-gc1506a1cf0 (webtiles) character file.

Game seed: 16838014000222463539

6550 browni3141 the Grappler (level 10, -1/100 HPs)
             Began as a Troll Berserker on Jan 28, 2023.
             Was an Elder of Trog.
             Slain by an ufetubus (2 damage)
             ... on level 8 of the Dungeon.
             The game lasted 00:08:34 (7526 turns).

browni3141 the Grappler (Troll Berserker)           Turns: 7526, Time: 00:08:35

Health: -1/100     AC:  5    Str: 27    XL:     10   Next: 70%
Magic:  0/9        EV: 14    Int:  3    God:    Trog [****..]
Gold:   494        SH:  0    Dex: 19    Spells: 9/9 levels left

rFire   x . .      SeeInvis .      - Unarmed
rCold   + . .      Faith    .    (no shield)
rNeg    . . .      Spirit   +    a - +0 animal skin
rPois   .          Reflect  .    (helmet restricted)
rElec   .          Harm     .    x - +0 cloak
rCorr   .          Rampage  .    (gloves unavailable)
Will    .....                    (boots unavailable)
Stlth   ++                       t - amulet of guardian spirit
HPRegen 1.16/turn                r - +6 ring of dexterity
MPRegen 0.11/turn                i - ring of ice

@: on berserk cooldown, attractive, hasted and slowed
A: large, unfitting armour, claws 3, regeneration 1, shaggy fur 1, tough skin 1
a: Renounce Religion, Berserk, Trog's Hand, Brothers in Arms


You were on level 8 of the Dungeon.
You worshipped Trog.
Trog was greatly pleased with you.
You visited 1 branch of the dungeon, and saw 9 of its levels.
You also visited: Sewer.

You collected 574 gold pieces.
You spent 80 gold pieces at shops.

Inventory:

Missiles
 f - 4 javelins (quivered)
 g - 7 boomerangs
 l - 11 poisoned darts
 w - 2 throwing nets
 A - 5 large rocks
 B - 6 curare-tipped darts
Armour
 a - a +0 animal skin (worn)
 x - a +0 cloak (worn)
Jewellery
 i - a ring of ice (right claw)
 r - a +6 ring of dexterity (left claw)
 t - an amulet of guardian spirit (around neck)
Wands
 s - a wand of iceblast (4)
 y - a wand of flame (15)
Potions
 b - a potion of berserk rage
 c - 2 potions of cancellation {unknown}
 d - 5 potions of curing
 e - 2 potions of attraction
 h - a potion of degeneration {unknown}
 j - 2 potions of haste
 k - 2 potions of resistance {unknown}
 m - 2 potions of ambrosia
 n - a potion of might {unknown}
 o - 2 potions of invisibility
 p - a potion of flight {unknown}
 q - 2 potions of heal wounds {unknown}
 u - 2 potions of lignification
 v - 2 potions of mutation {unknown}
 z - a potion of brilliance {unknown}


   Skills:
 + Level 6.8 Fighting
 * Level 8.1 Dodging
 - Level 2.0 Stealth
 * Level 11.1 Unarmed Combat


You had 9 spell levels left.
You didn't know any spells.
Your spell library was empty.

Dungeon Overview and Level Annotations

Branches:
Dungeon (9/15)             Temple (0/1) D:6             Orc (0/2) D:9
  Sewer (visited)
   Lair: D:8-11

Altars:
Ashenzari
Hepliaklqana
Makhleb
Qazlal
Sif Muna
Xom
The Shining One

Shops:
D:4 (?*:

Annotations:
D:8 exclusion: ice statue


Innate Abilities, Weirdness & Mutations

You are too large for most types of armour.
You have claws for hands.
Your natural rate of healing is unusually fast.
You are covered in fur. (AC +1)
You have tough skin. (AC +1)


Message History

The ufetubus is attracted toward you.
You scratch the ice devil.
The ice devil is lightly wounded.
You are no longer berserk.
You are exhausted.
You feel yourself slow down. The ufetubus closely misses you.
The ufetubus misses you.
Unknown command.
Your ogre goes berserk!
Trog will no longer gift you weapons. The ufetubus misses you.
The ufetubus hits you but does no damage. x3
The ufetubus hits you.
* * * LOW HITPOINT WARNING * * *
The ufetubus hits you.
* * * LOW HITPOINT WARNING * * *
The ice devil hits you but does no damage.
The ufetubus closely misses you. x2; The ufetubus barely misses you.
The ufetubus hits you but does no damage.
The ufetubus attacks as you move away! The ufetubus hits you.
* * * LOW HITPOINT WARNING * * *
The ufetubus closely misses you. x2; The ufetubus misses you.
Your ogre misses the ice devil. The ice devil is attracted toward you.
You swap places.
The ufetubus barely misses you. The ufetubus closely misses you.
The ice devil hits your ogre. The ice devil freezes your ogre!
Your ogre barely misses the ufetubus.
The ice devil barely misses you. The ufetubus misses you.
The ufetubus hits you.
* * * LOW HITPOINT WARNING * * *
The ice devil hits your ogre. The ice devil freezes your ogre!!
The ice devil is attracted toward you.
You feel yourself speed up. The ufetubus closely misses you.
The ufetubus hits you.
* * * LOW HITPOINT WARNING * * *
Your ogre misses the ufetubus. The ice devil hits you!
* * * LOW HITPOINT WARNING * * *
The ice devil freezes you! You resist.
* * * LOW HITPOINT WARNING * * *
The ufetubus hits you.
You die...

.........###...##..≈55.....~~≈..#
......[...##......≈≈~.##.##.~≈≈..
...........#.....#≈~..#(?$#..4≈#.
.......)....###.##≈~...:8$...~≈##
...........<.##..#≈~..#$($#..4≈#.
...............#..≈≈~.##.##.~≈≈..
...................≈§~.....~~≈..#
.................44##~§...~~##..#
................@O###≈≈~~~≈≈###.#
...............554##..≈≈≈≈≈..##.#
....|...............)..###......#
........................#........
.................................
#.............................###
##............................# #
##........................[..#
#..#........................###


You could see 3 ice devils, 2 ufetubi and a friendly ogre (summoned, berserk).

Vanquished Creatures
  3 ice devils (D:8)
  The ghost of mistaj the Trooper, an amateur DsFi (D:5)
  A troll (D:9)
  Sigmund (D:2)
  2 shadows (D:9)
  2 wyverns (D:8)
  8 yaks
  2 steam dragons
  3 water moccasins (D:7)
  Duvessa (D:6)
  An orc warrior (D:9)
  A black bear (D:6)
  Pargi (Sewer)
  3 sky beasts
  An ice beast (D:6)
  2 ogres
  A gnoll sergeant (D:8)
  A bullfrog (D:7)
  A necrophage (D:5)
  2 scorpions (D:7)
  11 wights
  Dowan (D:6)
  A killer bee (D:7)
  The ghost of teh the Nimble, a weakling GnWn (D:3)
  3 jellies
  3 quasits (D:5)
  2 orc priests
  3 hounds
  Ijyb (D:5)
  3 iguanas
  11 orc wizards
  12 gnolls
  9 adders
  A white imp (D:7)
  4 ufetubi (D:8)
  A worm (D:3)
  A dart slug (D:4)
  36 orcs
  13 ball pythons
  7 endoplasms
  6 giant cockroaches
  7 goblins
  5 hobgoblins
  7 jackals (D:2)
  7 kobolds
  4 quokkas
  7 bats
  8 frilled lizards
  12 rats
225 creatures vanquished.

Notes
Turn   | Place    | Note
-------+----------+-------------------------------------------
     0 | D:1      | browni3141 the Troll Berserker began the quest for the Orb.
     0 | D:1      | Reached XP level 1. HP: 22/22 MP: 0/0
   104 | D:1      | Reached XP level 2. HP: 29/29 MP: 1/1
   209 | D:1      | Reached ** piety under Trog
   581 | D:2      | Noticed Sigmund
   589 | D:2      | Killed Sigmund
   590 | D:2      | Reached skill level 1 in Stealth
   590 | D:2      | Reached skill level 4 in Unarmed Combat
   590 | D:2      | Reached XP level 3. HP: 37/37 MP: 2/2
   590 | D:2      | Reached XP level 4. HP: 45/45 MP: 3/3
   590 | D:2      | Reached XP level 5. HP: 53/53 MP: 4/4
  1220 | D:3      | Reached XP level 6. HP: 60/61 MP: 5/5
  1248 | D:3      | Identified the +1 ring mail of Wecekic {MP+9}
  1413 | D:3      | Found a glowing drain.
  1415 | D:3      | Reached *** piety under Trog
  1425 | Sewer    | Entered a sewer
  1537 | Sewer    | Noticed Pargi
  1543 | Sewer    | Killed Pargi
  1544 | Sewer    | Reached skill level 5 in Unarmed Combat
  2197 | D:3      | Found a runed translucent door.
  2208 | D:3      | Noticed teh's ghost (weakling GnWn)
  2261 | D:3      | Killed teh's ghost
  2262 | D:3      | Reached XP level 7. HP: 68/68 MP: 6/6
  2461 | D:4      | Found a glowing golden altar of the Shining One.
  2477 | D:4      | Found Eddaqua's Weapon Shoppe.
  2527 | D:4      | Found Ipasekk's Magic Scroll Emporium.
  2623 | D:4      | Found a shimmering altar of Xom.
  2807 | D:4      | Found Vesox's General Store.
  2817 | D:4      | Bought a potion of invisibility for 80 gold pieces
  2845 | D:4      | Found Vorubroe's Book Emporium.
  2950 | D:5      | Entered Level 5 of the Dungeon
  3045 | D:5      | Found a transporter.
  3049 | D:5      | Found a transporter.
  3072 | D:5      | Noticed mistaj's ghost (amateur DsFi)
  3081 | D:5      | Killed mistaj's ghost
  3082 | D:5      | Reached skill level 6 in Unarmed Combat
  3188 | D:5      | Noticed Ijyb
  3220 | D:5      | Killed Ijyb
  3357 | D:5      | Reached XP level 8. HP: 19/78 MP: 7/7
  3424 | D:5      | Reached **** piety under Trog
  3425 | D:5      | Reached skill level 7 in Unarmed Combat
  3837 | D:6      | Noticed Duvessa
  3837 | D:6      | Noticed Dowan
  3845 | D:6      | Killed Duvessa
  3847 | D:6      | Killed Dowan
  4100 | D:6      | Reached skill level 5 in Dodging
  4100 | D:6      | Found a staircase to the Ecumenical Temple.
  4104 | D:6      | Reached skill level 5 in Fighting
  4104 | D:6      | Reached skill level 8 in Unarmed Combat
  4763 | D:7      | Reached XP level 9. HP: 88/88 MP: 6/8
  5160 | D:7      | Reached skill level 9 in Unarmed Combat
  5309 | D:7      | Found a broken altar of Ashenzari.
  5310 | D:7      | Found a shimmering blue altar of Sif Muna.
  5898 | D:8      | Noticed an ice devil
  5900 | D:8      | Noticed an ice devil
  5900 | D:8      | Noticed an ice devil
  5901 | D:8      | Noticed an ice statue
  5905 | D:8      | Noticed an ice devil
  5906 | D:8      | Noticed an ice devil
  6179 | D:8      | Reached skill level 10 in Unarmed Combat
  6179 | D:8      | Reached XP level 10. HP: 66/98 MP: 5/9
  6315 | D:8      | Found a burning altar of Makhleb.
  6367 | D:8      | Found a hazy altar of Hepliaklqana.
  7098 | D:9      | Found a stormy altar of Qazlal.
  7463 | D:9      | Found a staircase to the Orcish Mines.
  7495 | D:8      | Reached ***** piety under Trog
  7512 | D:8      | Reached skill level 11 in Unarmed Combat
  7526 | D:8      | HP: 1/100 [ice devil (11)]
  7526 | D:8      | Slain by an ufetubus

Illustrated notes

Levels and vault maps discovered:
D:1:      saegor_arrival_under_anarchy, layout_basic
D:2:      layout_loops_ring, uniq_sigmund
D:3:      wad_river_or_something, layout_loops_ring, portal_sewer_entry_d,
          ebering_ghost_reflecting_pool
D:4:      layout_loops_cross, kennysheep_little_box, tso_altar, serial_shops,
          shop, nicolae_lakefront_shop, nicolae_stop_n_shop_1,
          nicolae_shop_bloodbath_and_beyond, st_stairs_7,
          chequers_serial_rivers_marsh, nrook_loot_triangle
D:5:      layout_basic, gammafunk_ghost_stat_death, uniq_ijyb
D:6:      layout_basic, minmay_temple_entry_large_hall, uniq_duvessa
D:7:      layout_loops_corners, gammafunk_temple_overflow_pools, minmay_puff
D:8:      cheibrodos_frozen_isle, layout_layer_cave,
          mainiacjoe_overflow_cross_hatched, bloody_makhleb,
          hangedman_abyss_or_decor_clamps
D:9:      layout_loops_ring, overflow_temple_1_default,
          kennysheep_orc_monster_closet_entryway

Skill      XL: |  1  2  3  4  5  6  7  8  9 10 |
---------------+-------------------------------+-----
Fighting       | 3 4 5 6 |  6.8
Dodging        | 3 4 5 7 8 |  8.1
Stealth        | 1 2 |  2.0
Unarmed Combat | 4 5 6 8 10 11 | 11.1

Action                     |  1- 3 |  4- 6 |  7- 9 | 10-12 || total
---------------------------+-------+-------+-------+-------++-------
  Melee: Unarmed           |    57 |   171 |   251 |   118 ||   597
         Punch             |     1 |     4 |    14 |     6 ||    25
 Invoke: Berserk           |     1 |     2 |     7 |     1 ||    11
         Trog's Hand       |     1 |       |     1 |       ||     2
         Brothers in Arms  |       |       |       |     1 ||     1
    Use: Potion            |       |       |       |     7 ||     7
   Stab: Sleeping          |       |     9 |     6 |       ||    15
 Armour: Animal skin       |    20 |    49 |    77 |    21 ||   167
  Dodge: Dodged            |    28 |    82 |   146 |   118 ||   374

Table legend: (Time is in decaauts)
 A = Elapsed time spent in this place.
 B = Non-inter-level travel time spent in this place.
 C = Inter-level travel time spent in this place.
 D = Time resting spent in this place.
 E = Time spent auto-exploring this place.
 F = Levels seen in this place.
 G = Mean time per level.
                   A        B        C        D        E       F      G
               +--------+--------+--------+--------+--------+-----+--------+
         Total |   7527 |   7133 |    394 |    375 |   5255 |  10 |  752.7 |
       Dungeon |   7360 |   6966 |    394 |    338 |   5175 |   9 |  817.8 |
         Sewer |    167 |    167 |      0 |     37 |     80 |   1 |  167.0 |
               +--------+--------+--------+--------+--------+-----+--------+

Top non-repeatable levels by time:
     D:8: 1237 daAuts
     D:7: 979 daAuts
     D:3: 934 daAuts
     D:6: 916 daAuts
     D:5: 907 daAuts
     D:4: 719 daAuts
     D:2: 669 daAuts
     D:1: 512 daAuts
     D:9: 483 daAuts
   Sewer: 167 daAuts
